 Dungeon Crawl Stone Soup version 0.31-a0-198-g2ad674f65e (webtiles) character file.

Game seed: 6071689090304789420

16 qw the Shooter (level 2, 0/16 HPs)
             Began as a Deep Elf Hunter on June 25, 2023.
             Succumbed to their own poison gas
             ... on level 1 of the Dungeon.
             The game lasted 00:00:13 (495 turns).

qw the Shooter (Deep Elf Hunter)                     Turns: 495, Time: 00:00:13

Health: 0/16       AC:  3    Str:  8    XL:     2   Next: 37%
Magic:  4/4        EV: 12    Int: 13    God:
Gold:   46         SH:  0    Dex: 18    Spells: 1/1 levels left

rFire   . . .        Y - +2 shortbow
rCold   . . .        (shield currently unavailable)
rNeg    . . .        c - +0 leather armour
rPois   .            (no helmet)
rElec   .            (no cloak)
rCorr   .            (no gloves)
SInv    .            (no boots)
Will    .....        (no amulet)
Stlth   ++           (no ring)
HPRegen 0.22/turn    (no ring)
MPRegen 0.09/turn

%: no passive effects
@: lethally poisoned (0 -> -6)
A: no striking features
a: no special abilities


You were on level 1 of the Dungeon.
You visited 1 branch of the dungeon, and saw 1 of its levels.

You collected 86 gold pieces.
You spent 40 gold pieces at shops.


   Skills:
 - Level 1.5 Fighting
 + Level 6.2 Ranged Weapons
 - Level 2.4 Dodging
 - Level 1.2 Stealth


You had one spell level left.
You didn't know any spells.
Your spell library was empty.

Inventory:

Hand Weapons
 Y - a +2 shortbow (weapon)
Armour
 c - a +0 leather armour (worn)
Scrolls
 i - a scroll of identify
Potions
 e - a potion of heal wounds
 f - a potion of cancellation
 g - a potion of brilliance {unknown}
 j - a potion of attraction {unknown}

Dungeon Overview and Level Annotations

Branches:
Dungeon (1/15)

Altars:

Shops:
D:1 ?


Message History

Done exploring.
(D) Dungeon
Where to? (* - list waypoints, ? - help)
What level of the Dungeon? (default 1, ? - help) Sorry, I don't know how to get there.
Enter note:
Enter note:
Enter note:
Enter note:
Enter note:
Enter note:
Enter note:
Enter note:
Enter note:
Enter note:
Enter note:
Enter note:
Enter note:
Enter note:
Enter note:
Enter note:
Enter note:
Enter note: Really walk into that cloud of poison gas?
You are engulfed in poison gas.
You are lethally poisoned!
You feel very sick.
491 ||| Stepping ~*~*~tactically~*~*~ (cloud).
You feel very sick.
There is an entrance to Sachygg's Magic Scroll Boutique here.
Things that are here:
a scroll of butterflies; a scroll of poison
There is a lethal amount of poison in your body!
You feel very sick.
There is a lethal amount of poison in your body!
You feel sick.
There is a lethal amount of poison in your body!
You feel sick.
There is a lethal amount of poison in your body!
You die...

......#########..................
.##.....#######..................
.##..............................
###...................######.....
#..............(.........#.......
#............#######.#...#.......
#............#.....#.#...#.......
#............#.###.#.............
#............#.#@0.#.............
#............#.#####.............
#............#...................
#.......%....#######...#.........
########...............#.........
#...............####......
#...............# #......
#.........####### #......
##........# #......


There were no monsters in sight!

Vanquished Creatures
  2 ball pythons (D:1)
  2 endoplasms (D:1)
  A hobgoblin (D:1)
  A quokka (D:1)
  5 bats (D:1)
  2 goblins (D:1)
  A rat (D:1)
14 creatures vanquished.

Notes
Turn   | Place    | Note
-------+----------+-------------------------------------------
     0 | D:1      | qw the Deep Elf Hunter began the quest for the Orb.
     0 | D:1      | Reached XP level 1. HP: 12/12 MP: 3/3
     0 | D:1      | 0 ||| qw: Version: 0.3-a-22-g0ed2b0b
     0 | D:1      | 0 ||| qw: Game counter: 5252
     0 | D:1      | 0 ||| qw: Melee chars always use a shield: true
     0 | D:1      | 0 ||| qw: God list: Okawaru
     0 | D:1      | 0 ||| qw: Allow faded altars: false
     0 | D:1      | 0 ||| qw: Do Orc after clearing Dungeon:15 true
     0 | D:1      | 0 ||| qw: Do second Lair branch before Depths: true
     0 | D:1      | 0 ||| qw: Lair rune preference: random
     0 | D:1      | 0 ||| qw: Goals: Normal
     0 | D:1      | 0 ||| PLANNING D:1-11
   183 | D:1      | Reached XP level 2. HP: 16/16 MP: 4/4
   191 | D:1      | Reached skill level 6 in Ranged Weapons
   480 | D:1      | Found Sachygg's Magic Scroll Boutique.
   483 | D:1      | 483 ||| SHOPLISTING 2 scrolls of enchant weapon (150 gold,
                  | have 86).
   483 | D:1      | 483 ||| BUYING 2 scrolls of identify (40 gold).
   483 | D:1      | Bought 2 scrolls of identify for 40 gold pieces
   483 | D:1      | 483 ||| SHOPLISTING 3 scrolls of teleportation (90 gold,
                  | have 46).
   483 | D:1      | 483 ||| READING 2 scrolls labelled MEMEEHUENE.
   484 | D:1      | 484 ||| READING 2 scrolls labelled JAIZEFI IBOUFADD.
   485 | D:1      | 485 ||| READING scroll of enchant weapon.
   485 | D:1      | 485 ||| ENCHANTING +1 shortbow.
   486 | D:1      | 486 ||| READING 3 scrolls of identify.
   486 | D:1      | 486 ||| IDENTIFYING metallic puce potion
   487 | D:1      | 487 ||| READING 2 scrolls of identify.
   487 | D:1      | 487 ||| IDENTIFYING clear potion
   488 | D:1      | 488 ||| DROPPING scroll of poison.
   489 | D:1      | 489 ||| DROPPING scroll of butterflies.
   491 | D:1      | 491 ||| Stepping ~*~*~tactically~*~*~ (cloud).
   492 | D:1      | HP: 4/16 [poisoned by you (poison gas)]
   494 | D:1      | HP: 1/16 [poisoned by you (poison gas)]
   495 | D:1      | Succumbed to their own poison gas

Levels and vault maps discovered:
D:1:      scummos_arrival_checkerplants, layout_basic, serial_shops,
          nicolae_shop_rolled_up

Skill      XL: |  1  2 |
---------------+-------+-----
Ranged Weapons | 6 |  6.2
Fighting       | |  1.5
Dodging        | |  2.4
Stealth        | |  1.2

Action                     || total
---------------------------++-------
   Fire: Shortbow          ||    37
    Use: Scroll            ||     5
 Armour: Leather armour    ||     3
  Dodge: Dodged            ||     9

Table legend:
 A = Non-vault XP
 B = Vault XP
 C = Vault XP percentage of total XP
 D = Non-vault monster count
 E = Vault monster count
 F = Vault count percentage of total count
                 A         B        C        D         E       F
            +---------+---------+-------+---------+---------+-------
      Total |      23 |       0 |   0.0 |      14 |       0 |   0.0
            +---------+---------+-------+---------+---------+-------
        D:1 |      23 |       0 |   0.0 |      14 |       0 |   0.0
            +---------+---------+-------+---------+---------+-------
